 Dungeon Crawl Stone Soup version 0.23-a0-171-g5ae17c6 (webtiles) character file.

2818 digijack the Carver (level 9, 0/71 HPs)
             Began as a Demonspawn Wanderer on Sept 14, 2018.
             Was a Follower of Okawaru.
             Slain by a komodo dragon (12 damage)
             ... on level 8 of the Dungeon.
             The game lasted 00:47:27 (10198 turns).

digijack the Carver (Demonspawn Wanderer)          Turns: 10198, Time: 00:47:28

Health: 0/71       AC:  6    Str: 10    XL:     9   Next: 44%
Magic:  19/19      EV: 16    Int: 13    God:    Okawaru [*.....]
Gold:   300        SH:  0    Dex: 19    Spells: 10/10 levels left

rFire    . . .     SeeInvis .   a - +3 falchion
rCold    + . .     Gourm    .   (no shield)
rNeg     . . .     Faith    .   l - +0 leather armour
rPois    .         Spirit   .   (helmet restricted)
rElec    +         Reflect  .   k - +2 cloak
rCorr    .         Harm     .   (no gloves)
MR       .....                  (no boots)
Stlth    ++++......             (no amulet)
HPRegen  0.21/turn              v - ring of stealth
MPRegen  0.16/turn              p - ring "Esuxil" {rElec rC+ MP+9}

@: no status effects
A: horns 2, demonic guardian 1, nightstalker 1
a: Heroism, Renounce Religion


You were on level 8 of the Dungeon.
You worshipped Okawaru.
Okawaru was aware of your devotion.
You were not hungry.

You visited 2 branches of the dungeon, and saw 9 of its levels.
You also visited: Sewer.

You collected 300 gold pieces.

Inventory:

Hand Weapons
 a - a +3 falchion (weapon)
Missiles
 h - 327 stones (quivered)
Armour
 k - a +2 cloak (worn)
 l - a +0 leather armour (worn)
Jewellery
 p - the ring "Esuxil" (right hand) {rElec rC+ MP+9}
   (You found it on level 4 of the Dungeon)

   [ring of magical power]

   It protects you from cold.
   It insulates you from electricity.
   It affects your magic capacity (+9).
 u - an uncursed ring of ice
 v - a ring of stealth (left hand)
Wands
 c - a wand of polymorph (16)
 d - a wand of iceblast (11)
 i - a wand of disintegration (10)
 n - a wand of flame (27)
Scrolls
 j - 2 scrolls of magic mapping
 m - 2 scrolls of teleportation
 o - 2 scrolls of identify
 s - 2 scrolls of fear
 w - 3 scrolls of blinking
Potions
 b - 3 potions of curing
 e - a potion of might
 g - a potion of invisibility
 r - 2 potions of magic
 t - 3 potions of brilliance
 x - a potion of flight
 z - a potion of berserk rage
 A - a potion of cancellation
Comestibles
 f - 15 rations
 B - 4 chunks of flesh


   Skills:
 + Level 6.5 Fighting
 * Level 9.0 Long Blades
   Level 0.1 Staves
 + Level 5.9 Dodging
 - Level 1.7 Stealth
 - Level 1.0 Spellcasting
   Level 1.0 Conjurations
   Level 1.0 Hexes


You had 10 spell levels left.
You didn't know any spells.
Your spell library contained the following spells:

 Spells                   Type           Power        Failure   Level  Hunger
 Shock                    Conj/Air       #...         30%         1    ##.....
 Swiftness                Chrm/Air       #.......     50%         2    ###....
 Static Discharge         Conj/Air       #.......     67%         3    ####...
 Airstrike                Air            #.........   98%         4    #####..
 Lightning Bolt           Conj/Air       #.........   100%        5    ######.


Dungeon Overview and Level Annotations

Branches:
Dungeon (8/15)             Temple (1/1) D:7            Lair (0/6) D:8

Altars:
Ashenzari
Cheibriados
Dithmenos
Elyvilon
Fedhas
Gozag
Hepliaklqana
Kikubaaqudgha
Makhleb
Nemelex Xobeh
Okawaru
Qazlal
Ru
Sif Muna
Trog
Uskayaw
Vehumet
Wu Jian
Xom
Yredelemnul
Zin
The Shining One

Shops:
D:6 %


Innate Abilities, Weirdness & Mutations

You have a pair of horns on your head.
A weak demonic guardian rushes to your aid.
You are slightly more attuned to the shadows.


Message History

Aim: a komodo dragon (almost dead, chance to defeat MR: 48%)
The plant is unaffected.
Something hits the plant but does no damage.
Evoke which item? (* to show all) (? for menu, Esc to quit)
Aiming: Disintegrate
Press: ? - help, Shift-Dir - straight line, f/p - komodo dragon
Aim: a komodo dragon (almost dead, chance to defeat MR: 48%)
The komodo dragon resists with some effort.
The orc warrior hits the plant with a short sword!
The komodo dragon barely misses you.
Press: ? - help, v - describe, . - travel
Here: a komodo dragon (almost dead)
The floor, spattered with blood.
Evoke which item? (* to show all) (? for menu, Esc to quit)
Aiming: Disintegrate
Press: ? - help, Shift-Dir - straight line, f/p - komodo dragon
Aim: a komodo dragon (almost dead, chance to defeat MR: 48%)
The komodo dragon resists with some effort.
Something hits the plant.
The komodo dragon bites you!
You die...

#...........
#.###########..
###.##PPPPP##<#.#
#...#PPPPP..#...#
#...#P..PP.P#...#.
#...#P.>.oPP.....
#...#PP.o.P...#
###...#PP.oPl..)#
####.....#PPPPP@P..#
.........#PPPP.....#
........##PPPP...#.#
........##PP.....#.#
.........##P....####
####.....###...####
#......##........
#.........#####..
#......####


You could see a komodo dragon, an orc warrior and 2 orcs.

Vanquished Creatures
  2 hippogriffs (D:7)
  A hungry ghost (D:7)
  An ice beast (D:7)
  An orc warrior (D:6)
  3 sky beasts
  2 ogres (D:5)
  A wyvern zombie (D:6)
  2 bullfrogs
  A water moccasin skeleton (D:7)
  3 scorpions
  A howler monkey (D:3)
  A crimson imp (D:4)
  Crazy Yiuf (D:2)
  5 orc priests
  5 hounds
  2 jellies (D:7)
  6 orc wizards
  2 iguanas (D:4)
  2 centaur skeletons
  Ijyb (D:4)
  Terence (D:2)
  2 worker ants (D:4)
  A worker ant zombie (D:7)
  11 adders
  3 gnolls (D:4)
  2 river rats (Sewer)
  2 oozes
  An adder skeleton (D:4)
  3 worms
  3 dart slugs
  13 leopard geckos
  24 orcs
  5 ball pythons
  10 giant cockroaches
  20 goblins
  6 hobgoblins
  7 jackals
  3 quokkas
  9 bats
  7 frilled lizards
  A jackal skeleton (D:6)
  10 kobolds
  A leopard gecko skeleton (D:7)
  A quokka skeleton (D:4)
  14 rats
  4 rat zombies (D:7)
207 creatures vanquished.

Vanquished Creatures (collateral kills)
  Grinder (D:6)
  Menkaure (D:5)
  A bullfrog zombie (D:4)
  A worker ant (D:4)
  3 gnolls (D:4)
  An adder (D:6)
  6 orcs
14 creatures vanquished.

Vanquished Creatures (others)
  3 plants (D:8)
3 creatures vanquished.

Grand Total: 224 creatures vanquished

Notes
Turn   | Place    | Note
-------+----------+-------------------------------------------
     0 | D:1      | digijack the Demonspawn Wanderer began the quest for the
                  | Orb.
     0 | D:1      | digijack set off with: a +2 falchion, a potion of curing, a
                  | +0 robe, a +0 dagger, a ration
     0 | D:1      | Reached XP level 1. HP: 15/15 MP: 2/2
   371 | D:1      | Reached skill level 3 in Long Blades
   371 | D:1      | Gained mutation: You have a pair of small horns on your
                  | head. [demonic ancestry]
   371 | D:1      | Reached XP level 2. HP: 13/21 MP: 3/3
   858 | D:1      | Reached XP level 3. HP: 15/26 MP: 4/4
  1598 | D:2      | Noticed Terence
  1622 | D:2      | Killed Terence
  1622 | D:2      | Reached XP level 4. HP: 14/33 MP: 5/5
  1860 | D:2      | Reached skill level 4 in Long Blades
  2432 | D:2      | Found a runed door.
  2436 | D:2      | Noticed Crazy Yiuf
  2445 | D:2      | Killed Crazy Yiuf
  2445 | D:2      | Gained mutation: A weak demonic guardian rushes to your
                  | aid. [demonic ancestry]
  2445 | D:2      | Reached XP level 5. HP: 34/39 MP: 6/6
  3680 | D:4      | Reached XP level 6. HP: 30/47 MP: 7/7
  3893 | D:4      | Noticed Ijyb
  3909 | D:4      | Killed Ijyb
  3909 | D:4      | Reached skill level 5 in Long Blades
  4559 | D:4      | Gained mutation: You have a pair of horns on your head.
                  | [demonic ancestry]
  4559 | D:4      | Reached XP level 7. HP: 47/52 MP: 8/8
  5646 | D:4      | Got a pitted wooden ring
  5843 | D:4      | Identified the ring "Esuxil" {rElec rC+ MP+9} (You found it
                  | on level 4 of the Dungeon)
  5924 | D:5      | Entered Level 5 of the Dungeon
  5924 | D:5      | Noticed Menkaure
  5936 | D:4      | Reached skill level 6 in Long Blades
  6150 | D:5      | Killed Menkaure
  6359 | D:5      | Found a glowing drain.
  6399 | Sewer    | Entered a sewer
  7304 | D:5      | Reached XP level 8. HP: 61/61 MP: 9/9
  8370 | D:6      | Reached skill level 7 in Long Blades
  8389 | D:6      | Found Awnehobi's Food Emporium.
  8395 | D:6      | Reached skill level 5 in Fighting
  8414 | D:6      | Noticed Grinder
  8446 | D:6      | Killed Grinder
  8509 | D:6      | Reached skill level 5 in Dodging
  9065 | D:7      | Found a staircase to the Ecumenical Temple.
  9079 | Temple   | Entered the Ecumenical Temple
  9157 | Temple   | Became a worshipper of Warmaster Okawaru
  9202 | D:7      | Reached skill level 8 in Long Blades
  9264 | D:7      | Noticed a hippogriff
  9272 | D:7      | Killed a hippogriff
  9272 | D:7      | Gained mutation: You are slightly more attuned to the
                  | shadows. [demonic ancestry]
  9272 | D:7      | Reached XP level 9. HP: 41/69 MP: 10/10
  9772 | D:7      | Reached * piety under Okawaru
  9978 | D:7      | Found an ancient bone altar of Kikubaaqudgha.
 10116 | D:8      | Reached skill level 9 in Long Blades
 10161 | D:8      | Found a staircase to the Lair.
 10162 | D:8      | Noticed a komodo dragon
 10198 | D:8      | Slain by a komodo dragon

Vault maps used:
D:1:      dpeg_arrival_signposts
D:2:      uniq_terence, uniq_crazy_yiuf_cottage
D:3:      first_ration
D:4:      uniq_ijyb
D:5:      portal_sewer_entry_a, uniq_menkaure
D:6:      corexii_shack_village, serial_shops, nicolae_shop_window_shopping,
          minmay_bent, uniq_grinder
D:7:      lemuel_zombie_altar_kikubaaqudgha, temple_hall
D:8:      david_lair_shrubbed, basic_altar, kennysheep_big_empty_room,
          uniq_psyche
Temple:   dpeg_three_leaves_temple
Sewer:    sewer_co_cracked_pipes

Skill      XL: |  1  2  3  4  5  6  7  8  9 |
---------------+----------------------------+-----
Long Blades    | 3 4 5 6 8 9 |  9.0
Fighting       | 2 3 4 5 6 |  6.5
Dodging        | 2 3 4 5 |  5.9
Staves         | |  0.1
Stealth        | |  1.7
Spellcasting   | |  1.0
Conjurations   | |  1.0
Hexes          | |  1.0

Action                   |  1- 3 |  4- 6 |  7- 9 || total
-------------------------+-------+-------+-------++-------
Melee: Falchion          |    94 |    54 |   372 ||   520
       Headbutt          |     6 |    34 |    83 ||   123
       Quarterstaff      |       |   111 |       ||   111
Evoke: Wand              |       |       |     5 ||     5
  Use: Scroll            |     3 |     7 |    12 ||    22
       Potion            |     2 |     6 |     1 ||     9
 Stab: Sleeping          |     3 |     2 |    14 ||    19
       Distracted        |       |       |     2 ||     2
  Eat: Chunk             |     2 |     9 |    18 ||    29
       Ration            |       |       |     1 ||     1
Armor: Robe              |    18 |    17 |       ||    35
       Skin              |       |     2 |       ||     2
       Leather armour    |       |    32 |    88 ||   120
Dodge: Dodged            |    60 |   115 |   258 ||   433
       Rpst.: Falchion   |    19 |    12 |    85 ||   116

Table legend:
 A = Non-vault XP
 B = Vault XP
 C = Vault XP percentage of total XP
 D = Non-vault monster count
 E = Vault monster count
 F = Vault count percentage of total count
                 A         B        C        D         E       F
            +---------+---------+-------+---------+---------+-------
      Total |    3307 |     719 |  17.9 |     172 |      49 |  22.2
            +---------+---------+-------+---------+---------+-------
        D:1 |      61 |       0 |   0.0 |      29 |       0 |   0.0
        D:2 |     108 |      77 |  41.6 |      33 |       2 |   5.7
        D:3 |     125 |       0 |   0.0 |      16 |       0 |   0.0
        D:4 |     601 |      36 |   5.7 |      28 |       1 |   3.4
        D:5 |     217 |     138 |  38.9 |       4 |       8 |  66.7
        D:6 |     642 |     400 |  38.4 |      29 |      19 |  39.6
        D:7 |    1366 |       4 |   0.3 |      28 |       4 |  12.5
        D:8 |     187 |       0 |   0.0 |       5 |       0 |   0.0
      Sewer |       0 |      64 | 100.0 |       0 |      15 | 100.0
            +---------+---------+-------+---------+---------+-------
